 Dungeon Crawl Stone Soup version 0.29-a0-962-gc8bbfd0a37 (webtiles) character file.

Game seed: 17967789081418572505

78917 Monkooky the Transmogrifier (level 15, -3/181 HPs)
             Began as a Purple Draconian Chaos Knight on July 28, 2022.
             Was an Initiate of Gozag.
             Slain by an 11-headed hydra (4 damage)
             ... while petrified by a basilisk
             ... on level 12 of the Dungeon on July 31, 2022.
             The game lasted 01:46:52 (27880 turns).

Monkooky the Transmogrifier (DrCK)                 Turns: 27880, Time: 01:46:53

Health: -3/181     AC: 19    Str: 24    XL:     15   Next: 19%
Magic:  32/32      EV:  1    Int: 18    God:    Gozag
Gold:   2686       SH:  0    Dex: 13    Spells: 13/40 levels left

rFire   . . .      SeeInvis .     - Unarmed
rCold   . . .      Faith    .   (shield currently unavailable)
rNeg    + + +      Spirit   .   (body armour unavailable)
rPois   ∞          Reflect  +   (helmet currently unavailable)
rElec   .          Harm     .   (cloak currently unavailable)
rCorr   .          Rampage  .   (gloves currently unavailable)
Will    ++...      Rage     3%  (boots currently unavailable)
Stlth   ++........              K - amulet of reflection
HPRegen 1.20/turn               Q - ring of wizardry
MPRegen 0.23/turn               g - +4 ring of evasion

@: dragon-form, petrified, on berserk cooldown, flying
A: dragon claw, dragon scales, flying, boosted hp, breathe power, AC +9, giant,
unfitting armour, (cold-blooded), berserk 1, deterioration 2, (fire resistance
1), sense surroundings 1, regeneration 1
a: Breathe Dispelling Energy, End Transformation, Renounce Religion, Potion
Petition, Call Merchant, Bribe Branch


You were on level 12 of the Dungeon.
You worshipped Gozag.
Gozag was most pleased with you.
You were a fearsome quicksilver dragon!
You visited 4 branches of the dungeon, and saw 20 of its levels.
You also visited: Sewer.

You collected 6549 gold pieces.
You spent 1099 gold pieces at shops.
You paid 2764 gold pieces to Gozag.

Inventory:

Hand Weapons
 q - a +4 dagger of venom (melded)
Missiles
 h - 2 throwing nets
 t - 2 curare-tipped darts
 J - 4 javelins
 S - 10 poisoned darts
Armour
 z - a +0 cloak (melded)
 U - the +5 kite shield "Wupruh" (melded) {Stlth+}
   (You bought it in a shop on level 2 of the Orcish Mines)

   Stlth:     It makes you more stealthy.
 W - a +1 pair of boots (melded)
Magical Staves
 N - a staff of earth
Jewellery
 d - a ring of positive energy
 g - a +4 ring of evasion (right foreclaw)
 l - a ring of protection from cold
 E - a ring of willpower
 K - an amulet of reflection (around neck)
 O - a ring of ice
 Q - a ring of wizardry (left foreclaw)
 R - a ring of fire
 V - a ring of poison resistance
Wands
 k - a wand of paralysis (12)
 m - a wand of roots (6)
 A - a wand of flame (36)
 B - a wand of polymorph (14)
 P - a wand of quicksilver (16)
Scrolls
 c - 3 scrolls of summoning
 e - 3 scrolls of poison
 f - 4 scrolls of enchant weapon
 i - 2 scrolls of vulnerability
 n - 2 scrolls of immolation
 p - 3 scrolls of blinking
 r - 3 scrolls of butterflies {unknown}
 u - 4 scrolls of brand weapon
 v - a scroll of silence
 x - 4 scrolls of noise {unknown}
 y - 6 scrolls of fear
 G - 4 scrolls of amnesia {unknown}
 H - 6 scrolls of magic mapping {unknown}
 I - a scroll of acquirement
 Z - 4 scrolls of teleportation
Potions
 b - 10 potions of curing
 j - 3 potions of invisibility {unknown}
 o - 4 potions of might
 s - 4 potions of haste
 w - a potion of berserk rage
 C - 2 potions of lignification
 D - 6 potions of flight
 F - 4 potions of heal wounds
 L - 2 potions of brilliance
 M - 3 potions of magic
 T - 2 potions of attraction
 Y - a potion of resistance
Miscellaneous
 a - a piece from Xom's chessboard (15/15)


   Skills:
 - Level 8.0 Fighting
 - Level 2.1 Short Blades
 - Level 3.7 Dodging
 - Level 3.8 Stealth
 - Level 8.9 Shields
 + Level 7.1 Unarmed Combat
 - Level 13.1 Spellcasting
 - Level 11.0 Conjurations
 - Level 13.4 Transmutations
 - Level 2.9 Fire Magic
 - Level 6.1 Ice Magic
 - Level 7.0 Air Magic
 - Level 0.6 Earth Magic
 - Level 2.9 Poison Magic
 - Level 4.6 Evocations


You had 13 spell levels left.
You knew the following spells:

 Your Spells              Type           Power      Damage    Failure   Level
a - Irradiate             Conj/Tmut      27%        3d20      1%          5
b - Ignite Poison         Fire/Tmut/Pois 35%        N/A       1%          3
c - Mephitic Cloud        Conj/Pois/Air  37%        N/A       1%          3
d - Petrify               Tmut/Erth      37%        N/A       1%          4
e - Freezing Cloud        Conj/Ice/Air   20%        6-21      2%          5
f - Dragon Form           Tmut           28%        N/A       8%          7

Your spell library contained the following spells:

 Spells                   Type           Power      Damage    Failure   Level
 Magic Dart               Conj           100%       1d8       1%          1
 Ensorcelled Hibernation  Hex/Ice        44%        N/A       1%          2
 Dazzling Flash           Conj/Hex       62%        N/A       1%          3
 Slow                     Hex            44%        N/A       2%          1
 Summon Small Mammal      Summ           44%        N/A       2%          1
 Iskenderun's Mystic Bla  Conj/Tloc      31%        2d8       2%          4
 Call Imp                 Summ           11%        N/A       3%          2
 Sublimation of Blood     Necr           11%        N/A       3%          2
 Call Canine Familiar     Summ           11%        N/A       7%          3
 Confusing Touch          Hex            11%        N/A       7%          3
 Gell's Gravitas          Tloc           11%        N/A       7%          3
 Summon Guardian Golem    Hex/Summ       11%        N/A       7%          3
 Teleport Other           Tloc           11%        N/A       7%          3
 Vampiric Draining        Necr           11%        2d6       7%          3
 Conjure Ball Lightning   Conj/Air       22%        3x3d6     9%          6
 Metabolic Englaciation   Hex/Ice        11%        N/A       17%         5
 Starburst                Conj/Fire      18%        6d7       21%         6
 Cause Fear               Hex            5%         N/A       22%         4
 Spellforged Servitor     Conj/Summ      15%        N/A       87%         7
 Dispersal                Tloc           5%         N/A       96%         6
 Chain Lightning          Conj/Air       22%        3d29      100%        9
 Dragon's Call            Summ           5%         N/A       100%        9
 Animate Armour           Summ/Erth      Unusable   N/A       N/A         4

Dungeon Overview and Level Annotations

Branches:
Dungeon (12/15)            Temple (1/1) D:4            Lair (5/5) D:10
 Shoals (0/4) Lair:2        Snake (0/4) Lair:2        Slime (0/5) Lair:5
    Orc (2/2) D:9             Elf (0/3) Orc:2         Sewer (visited)

Altars:
Ashenzari
Cheibriados
Dithmenos
Elyvilon
Fedhas
Gozag
Hepliaklqana
Kikubaaqudgha
Makhleb
Nemelex Xobeh
Okawaru
Qazlal
Ru
Sif Muna
Trog
Uskayaw
Vehumet
Wu Jian
Xom
Yredelemnul
Zin
The Shining One
Jiyva

Shops:
D:1 [   D:5 :   Orc:2 *[*[   Lair:4 !:*

Portals:
Trove: D:11 (give 7 potions of haste)

Annotations:
D:1 exclusion: downstairs
D:10 exclusion: 2 downstairs
D:11 exclusion: obsidian statue
D:12 exclusion: ice statue
Orc:1 3 runed translucent doors, Phlounder's ghost, journeyman DjAE


Innate Abilities, Weirdness & Mutations

You are a fearsome quicksilver dragon!
You have a powerful clawing attack.
Your giant scaled body is strong and resiliant, but less evasive.
Your breath weapon is enhanced in this form.
You are flying.
Your maximum health is greatly increased.
You are immune to poison.
Your armour is entirely melded.
You are incapable of wielding weapons or throwing items.
You can breathe bolts of dispelling energy.
Your rich purple scales are hard. (AC +9)
You cannot fit into any form of body armour.
((You are cold-blooded and may be slowed by cold attacks.))
You sometimes lose your temper in combat.
Your body often deteriorates upon taking damage.
((Your flesh is heat resistant. (rF+)))
You passively map a small area around you.
Your natural rate of healing is unusually fast.


Message History

The 11-headed hydra bites you!
* * * LOW HITPOINT WARNING * * *
The 11-headed hydra bites you but does no damage.
The 11-headed hydra bites you!
* * * LOW HITPOINT WARNING * * *
The 11-headed hydra bites you!
* * * LOW HITPOINT WARNING * * *
The 11-headed hydra bites you but does no damage.
The 11-headed hydra bites you.
* * * LOW HITPOINT WARNING * * *
The 11-headed hydra bites you.
* * * LOW HITPOINT WARNING * * *
The 11-headed hydra bites you.
* * * LOW HITPOINT WARNING * * *
The 11-headed hydra bites you but does no damage. x4
The 11-headed hydra bites you!
* * * LOW HITPOINT WARNING * * *
The 11-headed hydra bites you but does no damage.
The 11-headed hydra bites you!
* * * LOW HITPOINT WARNING * * *
The 11-headed hydra bites you!
* * * LOW HITPOINT WARNING * * *
The 11-headed hydra bites you but does no damage. x4
The 11-headed hydra bites you!
* * * LOW HITPOINT WARNING * * *
The 11-headed hydra bites you but does no damage. x4
The 11-headed hydra bites you but does no damage.
The 11-headed hydra bites you.
* * * LOW HITPOINT WARNING * * *
The 11-headed hydra bites you but does no damage.
The 11-headed hydra bites you!
* * * LOW HITPOINT WARNING * * *
The 11-headed hydra bites you but does no damage. x2
The 11-headed hydra bites you!
* * * LOW HITPOINT WARNING * * *
The 11-headed hydra bites you.
* * * LOW HITPOINT WARNING * * *
The 11-headed hydra bites you!
You die...
Your body crumbles into a pile of gold.

* * ##.###### #.......#
########### #.......#
#.........# #.......#
#.........#######
###.......#
#.........'.....#
$$#.......#
#.........#####..
#$#.......# ####.........#
##. #..>......#
##lDD.........# ##
###.......###..##....^....#
#.....$.....###.........#
#.......##### #..<......# *
#.......# #.........#
###.##### #.........# #.##
##.######## #..###### #.##
##......## #..# #


You could see a 11-headed hydra and a basilisk.

Vanquished Creatures
  The ghost of Camp the Warrior, a journeyman OgIE of Okawaru (Lair:4)
  Snorg (Orc:1)
  Josephine (Lair:3)
  2 boulder beetles (D:11)
  6 hydras
  Erolcha (D:12)
  3 two-headed ogres
  Erica (D:8)
  3 orc high priests (Orc:2)
  15 death yaks
  Urug (Lair:4)
  Pikel (D:8)
  A deep elf pyromancer (D:12)
  4 orc knights (Orc:2)
  4 orc sorcerers (Orc:2)
  An ugly thing (D:11)
  2 wolf spiders (Lair:5)
  3 cyclopes
  A manticore (Lair:3)
  6 black mambas
  A guardian serpent (Lair:5)
  5 elephants (Lair:5)
  15 cane toads
  A torpor snail (Lair:4)
  2 kobold demonologists (D:11)
  8 rime drakes
  13 komodo dragons
  A freezing wraith (D:12)
  3 trolls
  5 polar bears
  3 hornets
  2 slime creatures (D:12)
  Prince Ribbit (D:8)
  4 dream sheep (Lair:4)
  25 blink frogs
  22 wyverns
  Sigmund (D:2)
  A water elemental (D:11)
  34 yaks
  7 wraiths
  Eustachio (D:4)
  Grum (D:9)
  7 basilisks
  A redback (Lair:5)
  A steam dragon (D:10)
  6 vampire mosquitoes
  3 wargs (D:10)
  A hell hound (Lair:3)
  19 water moccasins
  18 orc warriors
  5 sky beasts
  5 black bears
  7 ice beasts (D:12)
  10 wolves
  4 centaurs
  7 ogres
  3 lemures (D:8)
  4 kobold brigands
  A phantom (D:6)
  A gnoll sergeant (D:10)
  2 scorpions
  7 bullfrogs
  3 necrophages
  4 wights (D:10)
  20 killer bees
  2 howler monkeys
  5 electric eels (D:11)
  A lava snake (Orc:1)
  A gnoll bouda (D:4)
  2 hounds
  23 orc priests
  Crazy Yiuf (D:3)
  Jessica (D:2)
  Natasha (thrice) (D:3)
  25 orc wizards
  4 iguanas
  4 hell rats (Lair:3)
  Terence (D:2)
  11 gnolls
  10 adders
  3 river rats (D:3)
  2 white imps
  2 ufetubi
  4 worms
  2 dart slugs
  71 orcs
  7 endoplasms
  4 giant cockroaches
  4 hobgoblins
  4 jackals
  13 kobolds
  6 quokkas
  14 ball pythons
  7 bats
  A frilled lizard (D:1)
  7 goblins
  10 rats
608 creatures vanquished.

Vanquished Creatures (collateral kills)
  An orc warrior (D:9)
  A centaur (D:9)
  An orc priest (D:9)
  An orc (D:9)
4 creatures vanquished.

Vanquished Creatures (others)
  An orc wizard (Orc:2)
  A bush (Lair:2)
  48 fungi
  84 plants
134 creatures vanquished.

Grand Total: 746 creatures vanquished

Notes
Turn   | Place    | Note
-------+----------+-------------------------------------------
     0 | D:1      | Monkooky the Draconian Chaos Knight began the quest for the
                  | Orb.
     0 | D:1      | Reached XP level 1. HP: 19/19 MP: 1/1
     1 | D:1      | Fell from the grace of Xom
   174 | D:1      | Found Momyri Wae's Antique Armour Shop.
   260 | D:1      | Reached XP level 2. HP: 26/26 MP: 2/2
   694 | D:1      | Reached XP level 3. HP: 26/31 MP: 3/3
  1194 | D:2      | Noticed Sigmund
  1194 | D:2      | Noticed Jessica
  1532 | D:2      | Killed Sigmund
  1533 | D:2      | Reached XP level 4. HP: 38/38 MP: 4/4
  1533 | D:2      | Reached XP level 5. HP: 45/45 MP: 5/5
  1924 | D:2      | Killed Jessica
  1925 | D:2      | Reached skill level 1 in Spellcasting
  1925 | D:2      | Reached XP level 6. HP: 42/51 MP: 5/7
  1935 | D:2      | Learned a level 5 spell: Irradiate
  2020 | D:2      | XOM: give mutations
  2020 | D:2      | Gained mutation: You have sharp toenails. [Xom's grace]
  2020 | D:2      | Gained mutation: You have sharp fingernails. [Xom's grace]
  2020 | D:2      | Gained mutation: You are agile. (Dex +4, Str/Int -1) [Xom's
                  | grace]
  2020 | D:2      | Gained mutation: Your flesh is heat resistant. (rF+) [Xom's
                  | grace]
  2149 | D:2      | Noticed Terence
  2159 | D:2      | Killed Terence
  2511 | D:3      | Found a stormy altar of Qazlal.
  2555 | D:3      | Found a glowing drain.
  2566 | D:3      | Reached skill level 1 in Transmutations
  2570 | D:3      | Reached skill level 1 in Conjurations
  2613 | Sewer    | Entered a sewer
  3040 | Sewer    | XOM: summons 1 hostile shadow creature
  3177 | Sewer    | XOM: summons 4 hostile shadow creatures
  3226 | Sewer    | Your scales start taking on a rich purple colour.
  3226 | Sewer    | Reached XP level 7. HP: 57/57 MP: 8/8
  3331 | D:3      | Noticed Natasha
  3337 | D:3      | Killed Natasha
  3640 | D:3      | Found a runed translucent door.
  3641 | D:3      | Noticed Crazy Yiuf
  3648 | D:3      | Killed Crazy Yiuf
  3724 | D:3      | XOM: draining
  3844 | D:3      | Noticed Natasha
  3848 | D:3      | Killed Natasha
  3893 | D:3      | XOM: summons 2 hostile demons
  3894 | D:3      | Noticed an orange demon
  3894 | D:3      | Noticed a chaos spawn
  3971 | D:3      | Noticed Natasha
  3980 | D:3      | Killed Natasha
  4217 | D:4      | Found a staircase to the Ecumenical Temple.
  4217 | D:4      | Noticed Eustachio
  4217 | D:4      | XOM: 2-stop teleportation journey
  4234 | D:4      | Killed Eustachio
  4241 | Temple   | Entered the Ecumenical Temple
  4241 | Temple   | Found a transporter.
  4241 | Temple   | Found a transporter.
  4243 | Temple   | Found a transporter.
  4243 | Temple   | Found a transporter.
  4397 | Temple   | Became a worshipper of Gozag Ym Sagoz the Greedy
  4824 | D:4      | Found a bloodstained altar of Trog.
  4935 | D:4      | Identified the +0 whip of Corph {vorpal, rPois}
  5079 | D:4      | Reached XP level 8. HP: 60/63 MP: 9/9
  5124 | D:4      | XOM: noise
  5181 | D:5      | Entered Level 5 of the Dungeon
  5193 | D:5      | Found Gebeab's Book Emporium.
  5555 | D:5      | Learned a level 3 spell: Ignite Poison
  5654 | D:5      | Reached skill level 5 in Conjurations
  5654 | D:5      | Reached skill level 5 in Transmutations
  6443 | D:5      | XOM: give mutations
  6443 | D:5      | Gained mutation: You have very sharp fingernails. [Xom's
                  | mischief]
  6443 | D:5      | Gained mutation: You are frail. (-10% HP) [Xom's mischief]
  6443 | D:5      | Gained mutation: Your body sometimes deteriorates upon
                  | taking damage. [Xom's mischief]
  6443 | D:5      | Lost mutation: You have sharp toenails. [Xom's mischief]
  6748 | D:6      | Reached XP level 9. HP: 56/63 MP: 16/16
  6768 | D:6      | Learned a level 3 spell: Mephitic Cloud
  6870 | D:6      | Found a shadowy altar of Dithmenos.
  7047 | D:6      | Found a basalt altar of Yredelemnul.
  7152 | D:6      | Reached skill level 1 in Poison Magic
  7166 | D:6      | Reached skill level 1 in Fire Magic
  7166 | D:6      | Reached skill level 1 in Air Magic
  7395 | D:6      | XOM: summons 6 hostile demons
  7396 | D:6      | Noticed a red devil
  7396 | D:6      | Noticed a red devil
  7451 | D:6      | XOM: stat loss: -3 Int (11/15)
  8430 | D:7      | Found a broken altar of Ashenzari.
  8638 | D:8      | XOM: 2-stop teleportation journey
  8978 | D:8      | Reached XP level 10. HP: 58/69 MP: 13/17
  9035 | D:8      | Noticed Prince Ribbit
  9046 | D:8      | Killed Prince Ribbit
  9420 | D:8      | Noticed Erica
  9624 | D:9      | Found a staircase to the Orcish Mines.
  9742 | D:9      | Noticed Grum
  9752 | D:9      | Killed Grum
 10013 | D:9      | XOM: give mutations
 10013 | D:9      | Gained mutation: You occasionally lose the ability to read
                  | scrolls when taking damage. [Xom's mischief]
 10013 | D:9      | Gained mutation: You sometimes lose the ability to read
                  | scrolls when taking damage. [Xom's mischief]
 10013 | D:9      | Lost mutation: Your body sometimes deteriorates upon taking
                  | damage. [Xom's mischief]
 10013 | D:9      | Gained mutation: Your flesh is very heat resistant. (rF++)
                  | [Xom's mischief]
 10018 | D:9      | Reached skill level 10 in Conjurations
 10018 | D:9      | Reached skill level 10 in Transmutations
 10018 | D:9      | Reached XP level 11. HP: 65/73 MP: 18/18
 10234 | D:9      | Noticed a two-headed ogre
 10240 | D:9      | Killed a two-headed ogre
 10247 | D:9      | Got the Tome of Spellbinding and the Throng
 10350 | D:9      | XOM: summons 5 friendly demons
 10354 | D:9      | Reached skill level 5 in Spellcasting
 10381 | D:9      | XOM: give mutations
 10381 | D:9      | Lost mutation: You are agile. (Dex +4, Str/Int -1) [Xom's
                  | mischief]
 10381 | D:9      | Gained mutation: Your body sometimes deteriorates upon
                  | taking damage. [Xom's mischief]
 10546 | D:9      | XOM: summons 12 hostile demons
 11213 | D:10     | Entered Level 10 of the Dungeon
 11214 | D:10     | Noticed a two-headed ogre
 11220 | D:10     | Killed a two-headed ogre
 11488 | D:9      | Learned a level 4 spell: Petrify
 11546 | D:10     | Found a shimmering altar of Xom.
 11563 | D:10     | Upgraded the game from 0.29-a0-923-g6e406bff71 to
                  | 0.29-a0-925-g0a7a3d12f8
 11614 | D:10     | Reached skill level 1 in Stealth
 11629 | D:10     | Found a staircase to the Lair.
 11793 | D:10     | XOM: 2-stop teleportation journey
 12027 | D:10     | XOM: summons 3 hostile demons
 12213 | D:10     | Found a hazy altar of Hepliaklqana.
 12807 | D:10     | Found a white marble altar of Elyvilon.
 12891 | D:10     | Learned a level 5 spell: Freezing Cloud
 12915 | D:11     | Noticed a soul eater
 12920 | D:11     | Reached skill level 1 in Ice Magic
 12924 | D:11     | Found a portal to a secret trove of treasure.
 12973 | D:11     | Noticed a six-headed hydra
 12974 | D:11     | Noticed a boulder beetle
 12975 | D:11     | XOM: stat loss: -1 Int (15/16)
 13078 | D:11     | Killed a boulder beetle
 13079 | D:11     | Reached XP level 12. HP: 75/80 MP: 16/22
 13083 | D:11     | XOM: confusion (+ monsters)
 13771 | D:11     | Killed a six-headed hydra
 13772 | D:11     | Reached skill level 5 in Air Magic
 14142 | D:11     | Noticed a boulder beetle
 14154 | D:11     | Killed a boulder beetle
 14238 | D:11     | Lost mutation: You are frail. (-10% HP) [potion of
                  | mutation]
 14238 | D:11     | Lost mutation: Your flesh is very heat resistant. (rF++)
                  | [potion of mutation]
 14238 | D:11     | Gained mutation: You have an increased reservoir of magic.
                  | (+10% MP) [potion of mutation]
 14238 | D:11     | Gained mutation: Your muscles are strong. (Str +4, Int/Dex
                  | -1) [potion of mutation]
 15362 | D:8      | Killed Erica
 15363 | D:8      | Reached skill level 5 in Ice Magic
 15467 | D:8      | Noticed Pikel
 15475 | D:8      | Killed Pikel
 15501 | D:8      | XOM: stat loss: -1 Str (17/18)
 16032 | D:6      | Found a glowing golden altar of the Shining One.
 16363 | Orc:1    | Entered Level 1 of the Orcish Mines
 16363 | Orc:1    | Found a runed translucent gate.
 16363 | Orc:1    | Found a runed translucent gate.
 16371 | Orc:1    | Found a runed translucent gate.
 16400 | D:9      | XOM: noise
 16400 | D:9      | Was forgiven by Xom
 16673 | Orc:1    | Noticed Phlounder's ghost (journeyman DjAE)
 17184 | Orc:2    | Entered Level 2 of the Orcish Mines
 17873 | Orc:2    | Reached skill level 5 in Fighting
 18247 | Orc:2    | Noticed an orc high priest
 18375 | Orc:2    | Killed an orc high priest
 18508 | Orc:2    | Noticed an orc high priest
 18511 | Orc:2    | Killed an orc high priest
 18519 | Orc:2    | Noticed an orc high priest
 18634 | Orc:2    | Killed an orc high priest
 18721 | Orc:2    | Reached XP level 13. HP: 104/107 MP: 7/25
 18829 | Orc:2    | Found Xarghy's General Store.
 18829 | Orc:2    | Found Foleab's Antique Armour Emporium.
 18834 | Orc:2    | Found Pusik's Antique Armour Boutique.
 18834 | Orc:2    | Found Budwyos's Assorted Antiques.
 18842 | Orc:2    | Bought a scroll of immolation for 44 gold pieces
 18842 | Orc:2    | Bought a scroll of enchant weapon for 82 gold pieces
 18844 | Orc:2    | Bought an ancient kite shield for 304 gold pieces
 18844 | Orc:2    | Identified the +5 kite shield "Wupruh" {Stlth+} (You bought
                  | it in a shop on level 2 of the Orcish Mines)
 18856 | Orc:2    | Bought a scroll labelled DUADEA RAPE for 21 gold pieces
 18856 | Orc:2    | Bought a potion of mutation for 168 gold pieces
 18859 | Orc:2    | Bought a pair of boots for 121 gold pieces
 19156 | Orc:2    | Found a staircase to the Elven Halls.
 19217 | Orc:2    | Bought a potion of magic for 88 gold pieces
 19217 | Orc:2    | Bought a scroll of identify for 22 gold pieces
 19298 | Orc:1    | Noticed Snorg
 19306 | Orc:1    | Killed Snorg
 19555 | Lair:1   | Entered Level 1 of the Lair of Beasts
 19597 | D:10     | Reached skill level 5 in Shields
 20041 | Lair:1   | Gained mutation: Your body often deteriorates upon taking
                  | damage. [mutagenic glow]
 21040 | Lair:2   | Found a staircase to the Snake Pit.
 21760 | Lair:2   | Found a staircase to the Shoals.
 22083 | Lair:3   | Identified a scroll of acquirement
 22405 | Lair:3   | Noticed Josephine
 22657 | Lair:3   | Reached XP level 14. HP: 110/115 MP: 24/30
 22773 | Lair:3   | Killed Josephine
 22774 | Lair:3   | Reached skill level 10 in Spellcasting
 23302 | Lair:3   | Lost mutation: Your flesh is heat resistant. (rF+) [potion
                  | of mutation]
 23302 | Lair:3   | Lost mutation: You have very sharp fingernails. [potion of
                  | mutation]
 23302 | Lair:3   | Gained mutation: You expend magic power (3 MP) to
                  | strengthen your wands. [potion of mutation]
 23303 | Lair:3   | Lost mutation: You expend magic power (3 MP) to strengthen
                  | your wands. [potion of mutation]
 23303 | Lair:3   | Lost mutation: Your muscles are strong. (Str +4, Int/Dex
                  | -1) [potion of mutation]
 23303 | Lair:3   | Gained mutation: Your flesh is heat resistant. (rF+)
                  | [potion of mutation]
 23303 | Lair:3   | Gained mutation: Your flesh is very heat resistant. (rF++)
                  | [potion of mutation]
 23303 | Lair:3   | Gained mutation: You are covered in fur. (AC +1) [potion of
                  | mutation]
 23321 | Lair:4   | Noticed Urug
 23338 | Lair:4   | Killed Urug
 23770 | Lair:4   | Found a runed translucent door.
 23869 | Lair:4   | Noticed Camp's ghost (journeyman OgIE)
 24659 | Lair:4   | Killed Camp's ghost
 24955 | Lair:4   | Bought a scroll labelled XUWNI DYRIOT for 33 gold pieces
 24961 | Lair:4   | Bought a potion of mutation for 96 gold pieces
 24961 | Lair:4   | Bought a potion of haste for 120 gold pieces
 24961 | Lair:4   | Lost mutation: You sometimes lose the ability to read
                  | scrolls when taking damage. [potion of mutation]
 24961 | Lair:4   | Lost mutation: You have an increased reservoir of magic.
                  | (+10% MP) [potion of mutation]
 24961 | Lair:4   | Gained mutation: Your magical capacity is low. (-10% MP)
                  | [potion of mutation]
 24962 | Lair:4   | Upgraded the game from 0.29-a0-925-g0a7a3d12f8 to
                  | 0.29-a0-962-gc8bbfd0a37
 24982 | Lair:5   | Entered Level 5 of the Lair of Beasts
 25365 | Lair:5   | Learned a level 7 spell: Dragon Form
 25930 | Lair:5   | Reached XP level 15. HP: 121/121 MP: 19/28
 26106 | Lair:5   | Reached skill level 5 in Unarmed Combat
 26845 | Lair:5   | Found a viscous altar of Jiyva.
 26846 | Lair:5   | Found a staircase to the Slime Pits.
 26916 | Lair:5   | Got the Grimoire of Ensorcelling and Clouds
 26996 | Lair:5   | Lost mutation: Your magical capacity is low. (-10% MP)
                  | [potion of mutation]
 26996 | Lair:5   | Lost mutation: You have sharp fingernails. [potion of
                  | mutation]
 26996 | Lair:5   | Gained mutation: You passively map a small area around you.
                  | [potion of mutation]
 26996 | Lair:5   | Lost mutation: Your flesh is very heat resistant. (rF++)
                  | [potion of mutation]
 26996 | Lair:5   | Gained mutation: Your natural rate of healing is unusually
                  | fast. [potion of mutation]
 27307 | Lair:5   | Lost mutation: You are covered in fur. (AC +1) [potion of
                  | mutation]
 27307 | Lair:5   | Lost mutation: You occasionally lose the ability to read
                  | scrolls when taking damage. [potion of mutation]
 27307 | Lair:5   | Gained mutation: You sometimes lose your temper in combat.
                  | [potion of mutation]
 27829 | D:12     | Noticed Erolcha
 27841 | D:12     | Killed Erolcha
 27880 | D:12     | HP: 8/181 [11-headed hydra (4)]
 27880 | D:12     | HP: 3/181 [11-headed hydra (5)]
 27880 | D:12     | HP: 1/181 [11-headed hydra (2)]
 27880 | D:12     | Slain by an 11-headed hydra

Illustrated notes

Levels and vault maps discovered:
D:1:      heliophobic_arrival_ceremonial_halls, layout_basic, serial_shops, shop
D:2:      layout_basic, kennysheep_generic_room_13, uniq_sigmund, uniq_terence,
          uniq_jessica
D:3:      layout_basic, mainiacjoe_overflow_boulevard, portal_sewer_entry_b,
          uniq_natasha, uniq_crazy_yiuf_cottage
D:4:      layout_loops_cross, mainiacjoe_overflow_alcove_2,
          minmay_temple_entry_overgrown, uniq_eustachio
D:5:      layout_loops_ring, serial_shops, shop
D:6:      layout_cave_pods, mainiacjoe_overflow_six_doors_small,
          tso_oasis_becter, grunt_dithmenos_smoke_and_mirrors,
          roderic_roman_lattice
D:7:      layout_rooms, kennysheep_mini_moat
D:8:      layout_loops_ring, minmay_between, uniq_prince_ribbit1, uniq_erica,
          uniq_pikel
D:9:      layout_gridville, minmay_orc_entry_temple_small, uniq_grum
D:10:     layout_rooms, mainiacjoe_overflow_paths, mainiacjoe_overflow_catwalk,
          nicolae_elyvilon_temple_path, erik_lair_orcish_takeover
D:11:     layout_basic, enter_trove_2, minmay_statue_bubble
D:12:     layout_roguey, ice2_lemuel, uniq_erolcha
Temple:   hellmonk_temple_divided_pantheon
Lair:1:   layout_cave_shapes
Lair:2:   layout_loops_ring, shoals_dummy_entry, dummy_snake_entry,
          nicolae_lair_grazing_beasts [nicolae_sub_lair_graze_edge,
          nicolae_sub_lair_graze_edge, nicolae_sub_lair_graze_edge,
          nicolae_sub_lair_graze_edge]
Lair:3:   beast_lair_carwin_large_2, layout_loops_ring, special_room
          [special_room_mythical_zoo], grunt_megastairs_3, uniq_josephine
Lair:4:   layout_gridlike, ebering_ghost_inner_flame, grunt_megastairs_4,
          uniq_urug
Lair:5:   hangedman_lair_tendril_chambers, layout_regular_city,
          dpeg_slime_entry_enclosed
Orc:1:    layout_caves, basic_altar, gammafunk_ghost_necromancy,
          nicolae_orc_lava_tube, uniq_snorg
Orc:2:    grunt_orc_tribal_feast, layout_caves, basic_altar, minmay_orc_keep

Skill      XL: |  1  2  3  4  5  6  7  8  9 10 11 12 13 14 15 |
---------------+----------------------------------------------+-----
Unarmed Combat | 4 7 |  7.1
Evocations     | 4 |  4.6
Spellcasting   | 1 4 7 9 13 | 13.1
Transmutations | 2 4 5 7 10 11 13 | 13.4
Conjurations   | 2 4 5 7 10 11 | 11.0
Short Blades   | 2 |  2.1
Poison Magic   | 2 |  2.9
Fire Magic     | 2 |  2.9
Air Magic      | 3 4 7 |  7.0
Stealth        | 3 |  3.8
Ice Magic      | 2 6 |  6.1
Fighting       | 8 |  8.0
Dodging        | 3 |  3.7
Shields        | 8 |  8.9
Earth Magic    | |  0.6

Action                   |  1- 3 |  4- 6 |  7- 9 | 10-12 | 13-15 || total
-------------------------+-------+-------+-------+-------+-------++-------
Melee: Unarmed           |   116 |    52 |       |       |    73 ||   241
       Tailslap          |     8 |    20 |    67 |    40 |    94 ||   229
       Punch             |     4 |     2 |    10 |    14 |     5 ||    35
       Dagger            |       |   105 |   381 |   279 |   362 ||  1127
       Kick              |       |    28 |    79 |       |       ||   107
       Bite              |       |       |       |       |    16 ||    16
Throw: Dart              |       |       |       |    16 |     2 ||    18
 Cast: Ignite Poison     |       |       |    15 |    67 |    49 ||   131
       Mephitic Cloud    |       |       |     6 |    53 |     7 ||    66
       Irradiate         |       |       |       |    24 |    17 ||    41
       Freezing Cloud    |       |       |       |    23 |    45 ||    68
       Petrify           |       |       |       |     1 |       ||     1
       Dragon Form       |       |       |       |       |     9 ||     9
Invok: Renounce Religion |     1 |       |       |       |       ||     1
       Potion Petition   |       |       |       |     1 |       ||     1
       Call Merchant     |       |       |       |       |     3 ||     3
 Abil: Breathe Dispellin |       |       |    21 |    11 |     5 ||    37
Evoke: Piece from Xom's  |     6 |     9 |     7 |       |     1 ||    23
       Wand              |       |       |     2 |    14 |     9 ||    25
  Use: Potion            |       |     3 |     1 |     8 |     8 ||    20
       Scroll            |       |     2 |     2 |    11 |    12 ||    27
 Stab: Petrified         |     3 |    16 |     1 |       |       ||    20
       Paralysed         |     7 |     1 |     6 |       |       ||    14
       Petrifying        |       |     1 |       |       |       ||     1
       Distracted        |       |       |     1 |       |     7 ||     8
       Confused          |       |       |       |     4 |       ||     4
       Sleeping          |       |       |       |     1 |     7 ||     8
Armor: Skin              |    30 |    20 |    93 |   155 |   188 ||   486
Dodge: Dodged            |    82 |    54 |   200 |   175 |   178 ||   689
Block: Other             |       |       |       |    36 |    42 ||    78
       Reflection        |       |       |       |     2 |       ||     2
       Kite shield       |       |       |       |       |   266 ||   266

Table legend: (Time is in decaauts)
 A = Elapsed time spent in this place.
 B = Non-inter-level travel time spent in this place.
 C = Inter-level travel time spent in this place.
 D = Time resting spent in this place.
 E = Time spent auto-exploring this place.
 F = Levels seen in this place.
 G = Mean time per level.
                   A        B        C        D        E       F      G
               +--------+--------+--------+--------+--------+-----+--------+
         Total |  27966 |  26698 |   1268 |   3450 |  18393 |  21 | 1331.7 |
       Dungeon |  16451 |  15591 |    860 |   2291 |  10501 |  12 | 1370.9 |
        Temple |    364 |    364 |      0 |    181 |    133 |   1 |  364.0 |
          Lair |   7388 |   7184 |    204 |    327 |   5602 |   5 | 1477.6 |
  Orcish Mines |   3064 |   2862 |    202 |    647 |   1723 |   2 | 1532.0 |
         Sewer |    697 |    697 |      0 |      4 |    433 |   1 |  697.0 |
               +--------+--------+--------+--------+--------+-----+--------+

Top non-repeatable levels by time:
    D:10: 2474 daAuts
  Lair:5: 2453 daAuts
     D:9: 2248 daAuts
    D:11: 1751 daAuts
  Lair:4: 1680 daAuts
   Orc:1: 1631 daAuts
     D:8: 1556 daAuts
   Orc:2: 1432 daAuts
     D:6: 1342 daAuts
     D:5: 1331 daAuts
  Lair:3: 1287 daAuts
  Lair:2: 1266 daAuts
     D:1: 1253 daAuts
     D:2: 1248 daAuts
     D:7: 1075 daAuts
